 Dungeon Crawl Stone Soup version 0.24-a0-375-g4de66ed42b (console) character file.

Game seed: 5651981084640176183

39769 Lexodia the Grappler (level 13, -11/127 HPs)
             Began as a Troll Fighter on May 31, 2019.
             Was an Elder of Ru.
             Mangled by Jorgrun
             ... wielding a +0 quarterstaff of crushing
              (19 damage)
             ... on level 14 of the Dungeon.
             The game lasted 00:43:42 (14854 turns).

Lexodia the Grappler (Troll Fighter)               Turns: 14854, Time: 00:43:43

Health: -11/127    AC: 10    Str: 27 (28) XL:     13   Next: 71%
Magic:  14/14      EV: 18    Int:  4      God:    Ru [****..]
Gold:   929        SH: 13    Dex: 16      Spells: 11/12 levels left

rFire    + . .     SeeInvis +     - Unarmed
rCold    + . .     Gourm    +   b - +1 shield
rNeg     . . .     Faith    .   B - +0 steam dragon scales
rPois    .         Spirit   .   (helmet restricted)
rElec    .         Reflect  .   z - scarf {rC+ rF+}
rCorr    .         Harm     .   (gloves unavailable)
MR       +....                  (boots unavailable)
Stlth    ..........             a - amulet of rage
HPRegen  0.71/turn              L - ring "Nyaweah" {Dex+4 Slay+5 SInv}
MPRegen  0.14/turn              n - +6 ring of evasion

@: grasped by roots, berserk cooldown, slowed, constricted, invisible, very slow
A: large, unfitting armour, claws 3, hooves 1, see invisible, agile 1,
deterioration 1, fast metabolism 3, gourmand, low mp 1, magic resistance 1,
regeneration 1, shaggy fur 1, tough skin 3, weak 1, subdued magic 1, no stealth,
hated by all, no conjurations magic, no ice magic, no transmutations magic
a: Draw Out Power, Power Leap, Renounce Religion, Evoke Berserk Rage


You were on level 14 of the Dungeon.
You worshipped Ru.
Ru was greatly pleased with you.
You were very full.

You visited 2 branches of the dungeon, and saw 16 of its levels.
You also visited: Gauntlet.

You collected 929 gold pieces.

Inventory:

Missiles
 p - 395 stones
 C - a boomerang of dispersal
 H - 2 throwing nets
 N - 32 javelins (quivered)
 V - 9 boomerangs
 X - 5 large rocks
Armour
 b - a +1 shield (worn)
 z - a scarf of resistance (worn)
 B - +0 steam dragon scales (worn)
Jewellery
 a - an amulet of rage (around neck)
 g - an uncursed ring of protection from cold
 k - an uncursed ring of resist corrosion
 n - a +6 ring of evasion (right claw)
 s - an uncursed ring of poison resistance
 u - an uncursed ring of protection from fire
 A - an uncursed ring of flight
 F - an uncursed amulet of guardian spirit
 G - an uncursed ring of positive energy
 L - the ring "Nyaweah" (left claw) {Dex+4 Slay+5 SInv}
   (You took it off a minotaur in a Gauntlet)

   [ring of see invisible]

   It affects your dexterity (+4).
   It affects your accuracy and damage with ranged weapons and melee attacks
   (+5).
   It lets you see invisible.
 Y - an uncursed amulet of regeneration
Wands
 h - a wand of random effects (28)
 w - a wand of polymorph (14)
 y - a wand of paralysis (11)
 D - a wand of scattershot (3)
 U - a wand of iceblast (8)
 W - a wand of clouds (3)
Scrolls
 e - a scroll of enchant armour
 f - 12 scrolls of remove curse
 m - 2 scrolls of fear
 x - 3 scrolls of teleportation
 I - a scroll of silence
 J - 9 scrolls of identify
 K - a scroll of fog
 R - a scroll of enchant weapon
 S - a scroll of amnesia
 T - 2 scrolls of brand weapon
 Z - a scroll of magic mapping
Potions
 c - 2 potions of might
 i - 2 potions of agility
 l - 2 potions of brilliance
 o - a potion of magic
 q - 9 potions of curing
 r - 2 potions of haste
 t - a potion of resistance
 v - 6 potions of lignification
 E - 2 potions of heal wounds
 M - a potion of invisibility
 O - a potion of ambrosia
Miscellaneous
 P - a lightning rod (4/4)
 Q - a phial of floods
Comestibles
 d - 31 rations


   Skills:
 + Level 8.1 Fighting
 + Level 8.4 Throwing
 + Level 7.7 Armour
 + Level 8.2 Dodging
 + Level 8.2 Shields
 + Level 9.4 Unarmed Combat
 + Level 3.3 Hexes
 + Level 5.7 Evocations


You had 11 spell levels left.
You knew the following spells:

 Your Spells              Type           Power        Failure   Level  Hunger
a - Confusing Touch       Hex            #.....       14%         1    ##.....

Your spell library contained the following spells:

 Spells                   Type           Power        Failure   Level  Hunger
 Corona                   Hex            #......      14%         1    ##.....
 Slow                     Hex            #.......     22%         2    ###....
 Confuse                  Hex            #.......     41%         3    ####...
 Tukima's Dance           Hex            #.......     41%         3    ####...
 Blink                    Tloc           N/A          67%         2    ###....
 Gell's Gravitas          Tloc           #.........   88%         3    ####...
 Ensorcelled Hibernation  Hex/Ice        Unusable     N/A         2    N/A
 Magic Dart               Conj           Unusable     N/A         1    N/A
 Call Imp                 Summ           Unusable     N/A         2    N/A
 Searing Ray              Conj           Unusable     N/A         2    N/A
 Dazzling Spray           Conj/Hex       Unusable     N/A         3    N/A
 Conjure Flame            Conj/Fire      Unusable     N/A         3    N/A
 Mephitic Cloud           Conj/Pois/Air  Unusable     N/A         3    N/A
 Fulminant Prism          Conj/Hex       Unusable     N/A         4    N/A
 Force Lance              Conj/Tloc      Unusable     N/A         4    N/A
 Iskenderun's Mystic Bla  Conj           Unusable     N/A         4    N/A
 Petrify                  Tmut/Erth      Unusable     N/A         4    N/A
 Metabolic Englaciation   Hex/Ice        Unusable     N/A         5    N/A
 Yara's Violent Unravell  Hex/Tmut       Unusable     N/A         5    N/A

Dungeon Overview and Level Annotations

Branches:
Dungeon (14/15)            Temple (0/1) D:7            Lair (2/6) D:10
  Swamp (0/4) Lair:2          Orc (0/2) D:9
  Snake: Lair:2-4    Spider: Lair:2-4    Vaults: D:13-14

Altars:
Ashenzari
Dithmenos
Hepliaklqana
Qazlal
Ru

Shops:
D:4 }

Annotations:
D:3 3 runed translucent doors, Shaidar's ghost, amateur GrFi
D:14 Jorgrun; Rupert


Innate Abilities, Weirdness & Mutations

You are too large for most types of armour.
You have claws for hands.
Your metabolism is lightning-fast.
You like to eat raw meat.
Your magical capacity is low. (-10% MP)
Your natural rate of healing is unusually fast.
You are covered in fur. (AC +1)
You have extremely tough skin. (AC +3)
You are weak. (Str -2)
You cannot be stealthy.
You are hated by all.
You cannot study or cast Conjurations magic.
You cannot study or cast Ice magic.
You cannot study or cast Transmutations magic.
You have large cloven feet.
You have supernaturally acute eyesight. (SInv)
You are agile. (Dex +2)
Your body sometimes deteriorates upon taking damage.
You are resistant to hostile enchantments. (MR+)
Your spells are a little easier to cast, but a little less powerful.


Message History

Jorgrun points at you and mumbles some strange words.
Roots burst forth from the earth!
The grasping roots grab you!
* * * LOW HITPOINT WARNING * * *
The grasping roots constrict you. The white ugly thing barely misses you.
You block the white ugly thing's attack.
Okay, then.
Okay, then.
You fade into invisibility!
You block the unseen horror's attack. Jorgrun gestures at you while chanting.
You easily resist.
* * * LOW HITPOINT WARNING * * *
The grasping roots constrict you! The white ugly thing barely misses you.
You block Rupert's attack.
You redirect the white ugly thing's attack!
The white ugly thing bites itself.
Jorgrun hits you with a +0 quarterstaff of crushing!
* * * LOW HITPOINT WARNING * * *
x2 You die...

...# #... ...
#..# .. #..# ..
######..###### .
#......<.....#.#
#.####..##...#.#
#..#...uu.#
#..#.$.@@u#
##.#..x.g.....#
#.........#.#.
#.###...#....
#.# #...###... #
#...# #. #...#
.....


You could see Rupert, Jorgrun, 3 ugly things and an unseen horror (invisible).

Vanquished Creatures
  A cacodemon (Gauntlet)
  A minotaur (Gauntlet)
  A death ooze (Gauntlet)
  Harold (D:7)
  3 two-headed ogres
  A centaur warrior (D:9)
  Erica (D:8)
  A hydra (D:13)
  5 death yaks
  Urug (D:13)
  A fire crab (Gauntlet)
  2 unseen horrors
  3 skeletal warriors (D:13)
  Pikel (D:5)
  5 ugly things
  A manticore (D:12)
  Psyche (D:8)
  A gargoyle (D:7)
  2 minotaur zombies (Gauntlet)
  5 slime creatures (D:12)
  3 trolls
  Prince Ribbit (D:9)
  A bog body (Lair:2)
  3 blink frogs (Lair:2)
  A hornet (D:9)
  4 hippogriffs
  2 shadows
  A vampire (D:11)
  Eustachio (D:6)
  3 fire bats (Gauntlet)
  Sigmund (D:4)
  21 yaks
  3 wyverns
  4 hogs (D:8)
  A basilisk (D:12)
  A human (D:8)
  A neqoxec (Gauntlet)
  2 steam dragons (D:5)
  4 hungry ghosts
  Menkaure (D:6)
  7 swamp worms (D:11)
  3 water moccasins
  3 ice beasts
  6 orc warriors
  3 sky beasts
  A slave (D:5)
  8 phantoms
  An eye of draining (D:10)
  A necrophage (D:12)
  8 ogres
  8 centaurs
  2 crocodiles
  A big kobold (D:8)
  7 bullfrogs
  A water moccasin skeleton (D:4)
  3 scorpions
  2 troll zombies (D:9)
  55 killer bees
  4 wights
  3 electric eels (Lair:1)
  5 howler monkeys
  7 crimson imps
  3 centaur zombies
  5 hounds
  2 quasits
  A bullfrog zombie (D:10)
  4 jellies
  7 centaur skeletons
  12 orc priests
  11 orc wizards
  3 bullfrog skeletons
  2 iguanas
  Natasha (thrice) (D:3)
  9 worker ants
  6 ogre zombies (D:9)
  A hound zombie (D:8)
  A howler monkey zombie (D:11)
  11 gnolls
  12 adders
  A shadow imp (D:10)
  An ooze (D:1)
  An adder skeleton (D:8)
  3 worms
  A dart slug (D:3)
  5 leopard geckos
  38 orcs
  15 bats
  5 giant cockroaches
  6 goblins
  4 hobgoblins
  7 jackals
  7 kobolds
  7 quokkas
  A ball python (D:3)
  7 frilled lizards
  A giant cockroach zombie (D:6)
  3 goblin zombies (D:9)
  A hobgoblin skeleton (D:9)
  A hobgoblin zombie (D:9)
  2 orc skeletons (D:9)
  18 orc zombies (D:9)
  A quokka skeleton (D:9)
  2 quokka zombies
  4 rats
  A plant (D:11)
472 creatures vanquished.

Vanquished Creatures (others)
  A two-headed ogre (D:12)
  A bullfrog (D:6)
  2 killer bees
  A howler monkey (D:12)
  3 orcs
  4 demonic plants (Gauntlet)
  A plant (D:11)
13 creatures vanquished.

Grand Total: 485 creatures vanquished

Notes
Turn   | Place    | Note
-------+----------+-------------------------------------------
     0 | D:1      | Lexodia the Troll Fighter began the quest for the Orb.
     0 | D:1      | Reached XP level 1. HP: 22/22 MP: 0/0
   122 | D:1      | Reached XP level 2. HP: 29/29 MP: 1/1
   978 | D:2      | Found a sacrificial altar of Ru.
   986 | D:2      | Found a hazy altar of Hepliaklqana.
   998 | D:2      | Became a worshipper of Ru the Awakened
  1035 | D:2      | Reached XP level 3. HP: 36/36 MP: 2/2
  1822 | D:2      | Reached skill level 1 in Throwing
  1973 | D:3      | Reached XP level 4. HP: 44/44 MP: 3/3
  1986 | D:3      | Reached skill level 1 in Armour
  2037 | D:3      | Found a runed translucent gate.
  2037 | D:3      | Found a runed translucent gate.
  2039 | D:3      | Found a runed translucent gate.
  2039 | D:3      | Noticed Shaidar's ghost (amateur GrFi)
  2058 | D:3      | Noticed Natasha
  2064 | D:3      | Killed Natasha
  2222 | D:3      | Found a shadowy altar of Dithmenos.
  2319 | D:3      | Noticed Natasha
  2327 | D:3      | Killed Natasha
  2327 | D:3      | Reached XP level 5. HP: 44/52 MP: 4/4
  2367 | D:3      | Noticed Natasha
  2375 | D:3      | Killed Natasha
  2501 | D:3      | Gained mutation: You cannot study or cast Ice magic. [Ru
                  | sacrifice]
  2501 | D:3      | Gained mutation: You cannot study or cast Transmutations
                  | magic. [Ru sacrifice]
  2501 | D:3      | Gained mutation: You cannot study or cast Conjurations
                  | magic. [Ru sacrifice]
  2501 | D:3      | Reached * piety under Ru
  2858 | D:4      | Noticed Sigmund
  2879 | D:4      | Killed Sigmund
  2879 | D:4      | Reached skill level 3 in Unarmed Combat
  2879 | D:4      | Reached XP level 6. HP: 53/61 MP: 5/5
  3143 | D:4      | Reached XP level 7. HP: 59/67 MP: 6/6
  3319 | D:4      | Found Wailadwi's Gadget Shoppe.
  3598 | D:5      | Entered Level 5 of the Dungeon
  3703 | D:5      | Reached skill level 4 in Unarmed Combat
  3781 | D:5      | Reached XP level 8. HP: 78/78 MP: 7/7
  4381 | D:5      | Noticed Pikel
  4393 | D:5      | Huge Dmg: 16 dmg
  4403 | D:5      | Huge Dmg: 13 dmg
  4405 | D:5      | Killed Pikel
  4606 | D:5      | Huge Dmg: 16 dmg
  4609 | D:5      | Reached skill level 5 in Unarmed Combat
  4614 | D:5      | Huge Dmg: 13 dmg
  4617 | D:5      | Reached XP level 9. HP: 32/85 MP: 2/8
  4704 | D:6      | Gained mutation: You are weak. (Str -2) [Ru sacrifice]
  4704 | D:6      | Reached ** piety under Ru
  4729 | D:6      | Noticed Menkaure
  4741 | D:6      | Killed Menkaure
  4752 | D:6      | Gained mutation: Your spells are a little harder to cast,
                  | but a little more powerful. [potion of mutation]
  4752 | D:6      | Gained mutation: You are covered in thick fur. (AC +2)
                  | [potion of mutation]
  4753 | D:6      | Lost mutation: You are covered in thick fur. (AC +2)
                  | [potion of mutation]
  4753 | D:6      | Lost mutation: Your spells are a little harder to cast, but
                  | a little more powerful. [potion of mutation]
  4753 | D:6      | Gained mutation: You are frail. (-10% HP) [potion of
                  | mutation]
  4753 | D:6      | Gained mutation: Your spells are a little easier to cast,
                  | but a little less powerful. [potion of mutation]
  4753 | D:6      | Gained mutation: You have a pair of small horns on your
                  | head. [potion of mutation]
  4753 | D:6      | Gained mutation: You are resistant to hostile enchantments.
                  | (MR+) [potion of mutation]
  4766 | D:6      | Huge Dmg: 38 dmg
  4825 | D:6      | Huge Dmg: 18 dmg
  4833 | D:6      | Huge Dmg: 11 dmg
  4834 | D:6      | Huge Dmg: 9 dmg
  4941 | D:6      | Reached skill level 5 in Dodging
  5071 | D:6      | Noticed Eustachio
  5081 | D:6      | Killed Eustachio
  5357 | D:6      | Reached skill level 5 in Shields
  5385 | D:6      | Reached skill level 5 in Fighting
  5573 | D:6      | Huge Dmg: 9 dmg
  5635 | D:6      | Reached skill level 1 in Evocations
  5816 | D:6      | Found a stormy altar of Qazlal.
  5816 | D:6      | Found a shattered altar of Ashenzari.
  6074 | D:7      | Noticed Harold
  6086 | D:7      | Killed Harold
  6086 | D:7      | Reached skill level 5 in Throwing
  6086 | D:7      | Reached skill level 6 in Unarmed Combat
  6086 | D:7      | Reached XP level 10. HP: 86/86 MP: 8/10
  6271 | D:7      | Noticed a gargoyle
  6280 | D:7      | Killed a gargoyle
  6308 | D:7      | Found a staircase to the Ecumenical Temple.
  6548 | D:8      | Noticed Psyche
  6553 | D:8      | Killed Psyche
  6633 | D:8      | Gained mutation: You cannot be stealthy. [Ru sacrifice]
  6694 | D:8      | Reached skill level 5 in Armour
  7185 | D:8      | Noticed Erica
  7209 | D:8      | Killed Erica
  7309 | D:9      | Noticed a two-headed ogre
  7311 | D:9      | Found a staircase to the Orcish Mines.
  7318 | D:9      | Killed a two-headed ogre
  7318 | D:9      | Reached XP level 11. HP: 94/94 MP: 12/12
  7336 | D:9      | Huge Dmg: 43 dmg
  7339 | D:10     | Entered Level 10 of the Dungeon
  7396 | D:9      | Huge Dmg: 48 dmg
  7396 | D:9      | Reached skill level 7 in Unarmed Combat
  7458 | D:9      | Huge Dmg: 38 dmg
  7459 | D:9      | Noticed Prince Ribbit
  7467 | D:9      | Huge Dmg: 15 dmg
  7470 | D:9      | Killed Prince Ribbit
  7518 | D:9      | Noticed a centaur warrior
  7524 | D:9      | Huge Dmg: 19 dmg
  7526 | D:9      | Huge Dmg: 19 dmg
  7528 | D:9      | Killed a centaur warrior
  7875 | D:9      | Gained mutation: Your magical capacity is low. (-10% MP)
                  | [Ru sacrifice]
  7875 | D:9      | Reached *** piety under Ru
  8261 | D:10     | Noticed a death yak
  8277 | D:10     | Noticed a death yak
  8280 | D:10     | Huge Dmg: 20 dmg
  8291 | D:9      | Killed a death yak
  8358 | D:9      | Huge Dmg: 17 dmg
  8360 | D:9      | Huge Dmg: 14 dmg
  8361 | D:9      | Huge Dmg: 17 dmg
  8368 | D:9      | Killed a death yak
  8478 | D:10     | Noticed a death yak
  8478 | D:10     | Noticed a death yak
  8479 | D:10     | Noticed a death yak
  8503 | D:9      | Huge Dmg: 17 dmg
  8505 | D:9      | Huge Dmg: 15 dmg
  8507 | D:9      | Killed a death yak
  8674 | D:10     | Killed a death yak
  8681 | D:10     | Killed a death yak
  8684 | D:10     | Huge Dmg: 28 dmg
  8777 | D:10     | Learned a level 1 spell: Confusing Touch
  8917 | D:10     | Noticed an unseen horror
  8923 | D:10     | Killed an unseen horror
  8984 | D:10     | Found a staircase to the Lair.
  9471 | D:11     | Reached skill level 8 in Unarmed Combat
  9471 | D:11     | Reached XP level 12. HP: 70/103 MP: 12/12
  9648 | D:11     | Found a gate leading to a gauntlet.
  9653 | D:11     | Gained mutation: You are hated by all. [Ru sacrifice]
  9653 | D:11     | Reached **** piety under Ru
  9658 | Gauntlet | Entered a Gauntlet
  9658 | Gauntlet | Found a transporter.
  9658 | Gauntlet | Found a transporter.
  9662 | Gauntlet | Found a transporter.
  9662 | Gauntlet | Found a transporter.
  9672 | Gauntlet | Found a transporter.
  9695 | Gauntlet | Noticed a death ooze
  9696 | Gauntlet | Found a transporter.
  9718 | Gauntlet | Found a transporter.
  9722 | Gauntlet | Noticed a blizzard demon
  9723 | Gauntlet | Found a transporter.
  9723 | Gauntlet | Found a transporter.
  9726 | Gauntlet | Noticed a cacodemon
  9731 | Gauntlet | Found a transporter.
  9739 | Gauntlet | Found a transporter.
  9755 | Gauntlet | Found a transporter.
  9856 | Gauntlet | Killed a death ooze
  9856 | Gauntlet | Reached skill level 1 in Hexes
  9861 | Gauntlet | Huge Dmg: 48 dmg
  9882 | Gauntlet | Found a transporter.
  9920 | Gauntlet | Found a transporter.
  9930 | Gauntlet | Huge Dmg: 14 dmg
 10059 | Gauntlet | Killed a cacodemon
 10066 | Gauntlet | Huge Dmg: 53 dmg
 10073 | Gauntlet | Lost mutation: You are frail. (-10% HP) [potion of
                  | mutation]
 10073 | Gauntlet | Lost mutation: You have a pair of small horns on your head.
                  | [potion of mutation]
 10073 | Gauntlet | Gained mutation: You are agile. (Dex +2) [potion of
                  | mutation]
 10073 | Gauntlet | Gained mutation: Your body sometimes deteriorates upon
                  | taking damage. [potion of mutation]
 10073 | Gauntlet | Gained mutation: You have supernaturally acute eyesight.
                  | (SInv) [potion of mutation]
 10073 | Gauntlet | Gained mutation: You have large cloven feet. [potion of
                  | mutation]
 10118 | Gauntlet | Identified the ring "Nyaweah" {Dex+4 Slay+5 SInv}
 10118 | Gauntlet | Noticed a minotaur
 10131 | Gauntlet | Huge Dmg: 32 dmg
 10132 | Gauntlet | Killed a minotaur
 10135 | Gauntlet | Huge Dmg: 28 dmg
 10163 | Gauntlet | Huge Dmg: 18 dmg
 10164 | Gauntlet | Huge Dmg: 18 dmg
 10713 | D:11     | Huge Dmg: 59 dmg
 10997 | D:12     | Noticed a two-headed ogre
 11010 | D:12     | Killed a two-headed ogre
 11128 | D:12     | Reached skill level 5 in Evocations
 11529 | Lair:1   | Entered Level 1 of the Lair of Beasts
 12597 | Lair:2   | Reached XP level 13. HP: 127/127 MP: 14/14
 12759 | Lair:2   | Found a staircase to the Swamp.
 13332 | D:12     | Huge Dmg: 53 dmg
 13333 | D:12     | Huge Dmg: 7 dmg
 13578 | D:12     | Reached skill level 9 in Unarmed Combat
 14095 | D:13     | Noticed Urug
 14108 | D:13     | Killed Urug
 14370 | D:13     | Huge Dmg: 15 dmg
 14373 | D:13     | Huge Dmg: 18 dmg
 14832 | D:14     | Noticed Jorgrun
 14836 | D:14     | Noticed Rupert
 14841 | D:14     | Paralysed by Rupert for 6 turns
 14848 | D:14     | Huge Dmg: 110 dmg
 14851 | D:14     | Huge Dmg: 28 dmg
 14853 | D:14     | Huge Dmg: 23 dmg
 14854 | D:14     | Mangled by Jorgrun

Levels and vault maps discovered:
D:1:      ncdulo_watergridlock, layout_basic, st_stairs_4
D:2:      layout_basic, minitemple, minmay_fountain_box
D:3:      layout_loops_corners, gammafunk_ghost_split, serial_glass,
          glass_columns_b, glass_columns_c, first_ration, grunt_dithmenos_smoke,
          uniq_natasha
D:4:      layout_gridville, serial_shops, shop, uniq_sigmund
D:5:      kennysheep_steamy, layout_loops_corners, kennysheep_small_square,
          uniq_pikel
D:6:      layout_layer_cave, amethyst_overflow_temple_binary, uniq_eustachio,
          uniq_menkaure
D:7:      layout_basic, minmay_temple_entry_ruins, uniq_harold
D:8:      layout_loops_ring, grunt_livestock, uniq_psyche, uniq_erica
D:9:      layout_small_grid, zombieorc2_lemuel, chequers_serial_rivers_room_a,
          kennysheep_generic_room_5, uniq_prince_ribbit1
D:10:     layout_basic, dpeg_lair_monsters
D:11:     layout_roguey, gauntlet_entry_generic, worms_lemuel
D:12:     wad_woods_minihive, layout_basic
D:13:     layout_loops_ring, minmay_misc_feat_iff, minmay_door_square, uniq_urug
D:14:     layout_loops_ring, david_vaults_2, fedhas_altar_2, serial_shops,
          shop_statue, uniq_jorgrun, uniq_rupert
Lair:1:   layout_gridlike, columned_hall_lemuel, serial_bayou_shore_a,
          grunt_megastairs_3, lemuel_fruit_tree
Lair:2:   layout_regular_city, skrybe_swamp_entry_bodies, roderic_batcave

Skill      XL: |  1  2  3  4  5  6  7  8  9 10 11 12 13 |
---------------+----------------------------------------+-----
Throwing       | 1 2 3 4 5 6 7 8 |  8.4
Armour         | 1 2 3 4 5 6 7 |  7.7
Shields        | 3 4 5 6 7 8 |  8.2
Fighting       | 3 4 5 6 7 8 |  8.1
Dodging        | 3 4 5 6 7 8 |  8.2
Unarmed Combat | 3 4 5 6 8 9 |  9.4
Evocations     | 1 2 4 5 |  5.7
Hexes          | 2 3 |  3.3

Action                   |  1- 3 |  4- 6 |  7- 9 | 10-12 | 13-15 || total
-------------------------+-------+-------+-------+-------+-------++-------
Melee: Unarmed           |   120 |   130 |   312 |   755 |   279 ||  1596
       Headbutt          |       |       |    21 |   123 |       ||   144
       Kick              |       |       |       |   116 |   137 ||   253
Throw: Boomerang         |       |       |    14 |    42 |       ||    56
       Javelin           |       |       |       |     5 |    15 ||    20
       Stone             |       |       |       |     4 |       ||     4
 Cast: Confusing Touch   |       |       |       |     1 |       ||     1
Invok: Sacrifice Arcana  |       |     1 |       |       |       ||     1
       Sacrifice Purity  |       |       |     1 |       |       ||     1
       Sacrifice Stealth |       |       |       |     1 |       ||     1
       Sacrifice Essence |       |       |       |     1 |       ||     1
       Sacrifice Love    |       |       |       |     1 |       ||     1
       Reject Sacrifices |       |       |       |     1 |       ||     1
 Abil: Evoke Berserk Rag |       |       |       |     8 |     2 ||    10
  Use: Scroll            |       |     5 |     8 |     9 |     1 ||    23
       Potion            |       |     1 |     7 |     4 |     4 ||    16
 Stab: Sleeping          |     1 |       |       |       |       ||     1
       Distracted        |       |       |       |     3 |       ||     3
       Invisible         |       |       |       |     3 |       ||     3
  Eat: Chunk             |    24 |    10 |    28 |    64 |    24 ||   150
       Ration            |       |       |       |     1 |       ||     1
Armor: Robe              |    38 |    23 |    16 |       |       ||    77
       Steam dragon scal |       |       |    34 |   137 |    57 ||   228
Dodge: Dodged            |    36 |    65 |   135 |   473 |   234 ||   943
Block: Shield            |    55 |    68 |   154 |   436 |   194 ||   907

Table legend:
 A = Non-vault XP
 B = Vault XP
 C = Vault XP percentage of total XP
 D = Non-vault monster count
 E = Vault monster count
 F = Vault count percentage of total count
                 A         B        C        D         E       F
            +---------+---------+-------+---------+---------+-------
      Total |   34945 |   21868 |  38.5 |     337 |     137 |  28.9
            +---------+---------+-------+---------+---------+-------
        D:1 |      22 |       4 |  15.4 |      10 |       2 |  16.7
        D:2 |      55 |       0 |   0.0 |      25 |       0 |   0.0
        D:3 |     146 |      36 |  19.8 |      21 |       1 |   4.5
        D:4 |     595 |     205 |  25.6 |      19 |       1 |   5.0
        D:5 |     818 |    1023 |  55.6 |      20 |       4 |  16.7
        D:6 |    1494 |     261 |  14.9 |      38 |       2 |   5.0
        D:7 |     979 |     976 |  49.9 |      12 |       1 |   7.7
        D:8 |    1301 |    2281 |  63.7 |      23 |       7 |  23.3
        D:9 |    3668 |    3668 |  50.0 |      22 |      42 |  65.6
       D:10 |    1982 |    1974 |  49.9 |      25 |       3 |  10.7
       D:11 |    4945 |    1011 |  17.0 |      39 |       7 |  15.2
       D:12 |    7817 |    2776 |  26.2 |      36 |      45 |  55.6
       D:13 |    8805 |     824 |   8.6 |      30 |       1 |   3.2
       D:14 |      40 |       0 |   0.0 |       1 |       0 |   0.0
     Lair:1 |     439 |     226 |  34.0 |       6 |       2 |  25.0
     Lair:2 |    1839 |     288 |  13.5 |      10 |       9 |  47.4
   Gauntlet |       0 |    6315 | 100.0 |       0 |      10 | 100.0
            +---------+---------+-------+---------+---------+-------
